[Event "Chess.com Isle of Man Masters"]
[Site "Villa Marina, Douglas, Isle of Man, United Kingdom"]
[Date "2018.10.22"]
[Round "3.1"]
[White "Aronian, Levon"]
[Black "Sevian, Samuel"]
[Result "1/2-1/2"]
[TimeControl "40 moves in 100 minutes, f.b. 20 moves in 50 minutes f.b. 15 minutes with a 30 second increment from move 0"]
[WhiteElo "2780"]
[BlackElo "2634"]

1. e4 e6 2. d4 d5 3. Nc3 Bb4 4. e5 c5 5. a3 Ba5 6. Bd2 Nc6 7. Nb5 Nxd4 8. Nxd4 cxd4 9. f4 Ne7 10.
Bd3 Bd7 11. Nf3 h6 12. O-O Bxd2 13. Qxd2 Qb6 14. Qb4 Nc6 15. Qxb6 axb6 16. b4 Ra4 17. Bb5 Ra7 18. Bd3 O-O 19.
b5 Ne7 20. Nxd4 Rfa8 21. Kf2 Rxa3 22. Rxa3 Rxa3 23. h4 h5 24. Rb1 Kf8 25. Ke2 Ke8 26. Kd2 Ra4 27. Kc3 Ng8 28. Rb4 Ra8 29.
Kb2 Ne7 30. Be2 g6 31. Bd3 1/2-1/2

[Event "Chess.com Isle of Man Masters"]
[Site "Villa Marina, Douglas, Isle of Man, United Kingdom"]
[Date "2018.10.22"]
[Round "3.2"]
[White "Vachier-Lagrave, Maxime"]
[Black "Tari, Aryan"]
[Result "1-0"]
[TimeControl "40 moves in 100 minutes, f.b. 20 moves in 50 minutes f.b. 15 minutes with a 30 second increment from move 0"]
[WhiteElo "2780"]
[BlackElo "2618"]

1. d4 Nf6 2. c4 g6 3. g3 c6 4. Bg2 d5 5. Qa4 Bg7 6. cxd5 O-O 7. e4 cxd5 8. e5 Nfd7 9. Nc3 Nb6 10.
Qd1 Nc6 11. Nge2 f6 12. exf6 exf6 13. O-O Be6 14. b3 Re8 15. Ba3 Bf7 16. Qd2 Bf8 17. Bc5 Nd7 18. Bxf8 Nxf8 19. Nf4 Ne6 20.
Nxe6 Bxe6 21. Rfe1 Bf7 22. Rxe8+ Qxe8 23. Nxd5 Qd8 24. Ne3 Qxd4 25. Qxd4 Nxd4 26. Bxb7 Rd8 27. Rd1 Rd7 28. Bd5 Ne6 29.
Kf1 Kf8 30. Bxe6 Rxd1+ 31. Nxd1 Bxe6 32. Ke2 Ke7 33. Kd3 Kd6 34. Kd4 g5 35. Nc3 Bf5 36. b4 Kc6 37. Ne4 Be6 38. Nxf6 Bxa2 39.
Nxh7 g4 40. Ng5 1-0

[Event "Chess.com Isle of Man Masters"]
[Site "Villa Marina, Douglas, Isle of Man, United Kingdom"]
[Date "2018.10.22"]
[Round "3.3"]
[White "Donchenko, Alexander"]
[Black "Wang, Hao"]
[Result "0-1"]
[TimeControl "40 moves in 100 minutes, f.b. 20 moves in 50 minutes f.b. 15 minutes with a 30 second increment from move 0"]
[WhiteElo "2610"]
[BlackElo "2722"]

1. Nf3 d5 2. g3 g6 3. Bg2 Bg7 4. d4 Nf6 5. O-O O-O 6. c4 c6 7. b3 dxc4 8. bxc4 c5 9. Bb2 cxd4 10.
Nxd4 Qb6 11. Qc1 Bd7 12. Nd2 Nc6 13. Nc2 Rac8 14. Rb1 Qc7 15. Bc3 b6 16. Qb2 Ne8 17. Ne3 Bxc3 18. Qxc3 Nf6 19.
Rfc1 Qe5 20. Qxe5 Nxe5 21. c5 Rxc5 22. Rxc5 bxc5 23. Rb7 Rd8 24. f4 Neg4 25. Nef1 Be6 26. Rxa7 Ne3 27. Rc7 Nxg2 28.
Kxg2 Ra8 29. Rxc5 Rxa2 30. h3 h5 31. Rc3 Nd5 32. Rf3 Rc2 33. Rf2 Nc3 34. Kh2 Bd5 35. e4 Bc6 36. g4 h4 37.
Ne3 Ra2 38. g5 Nb1 39. Nef1 Nc3 40. Ne3 Nb1 41. Nef1 Bb5 42. Kg2 Nc3 43. Ne3 Be2 44. Nef1 Bd3 45. Ne3 Nxe4 46. Nxe4 Bxe4+ 47. Kg1 Ra4 48. Rb2 Kg7 49. Rb5 Ra1+ 50. Kf2 Ra2+ 51. Kg1 Re2 52. Rb3 Ra2 53. Rb4 Bf3 54. Rd4 Re2 55. Rd3 Be4 56.
Rc3 Bb7 57. Rb3 Bc6 58. Rc3 Be4 59. Rb3 Re1+ 60. Kf2 Rh1 61. Rb4 Bc6 62. Rb3 Bd7 63. Ng4 Bxg4 64. hxg4 Rh2+ 65. Kg1 Re2 66.
Rb4 h3 67. Kh1 Rg2 68. Re4 Kf8 69. f5 gxf5 70. gxf5 Rxg5 71. Rf4 Kg7 72. f6+ exf6 73. Kh2 Rh5 74. Rg4+ Kf8 75. Re4 f5 76.
Re5 Kg7 77. Ra5 Kg6 78. Ra4 Kg5 79. Ra5 Kg4 80. Ra8 f4 81. Rg8+ Rg5 82. Rf8 f3 83. Rxf7 Rf5 84. Rg7+ Kh5 85.
Rg1 f2 86. Rf1 Rf3 87. Kh1 Kg4 88. Kh2 Kf4 89. Kh1 Kg3 0-1

[Event "Chess.com Isle of Man Masters"]
[Site "Villa Marina, Douglas, Isle of Man, United Kingdom"]
[Date "2018.10.22"]
[Round "3.4"]
[White "Naiditsch, Arkadij"]
[Black "Jumabayev, Rinat"]
[Result "1-0"]
[TimeControl "40 moves in 100 minutes, f.b. 20 moves in 50 minutes f.b. 15 minutes with a 30 second increment from move 0"]
[WhiteElo "2721"]
[BlackElo "2605"]

1. e4 e5 2. Nf3 Nc6 3. Bb5 a6 4. Ba4 Nf6 5. d3 d6 6. c3 Be7 7. Nbd2 O-O 8. O-O Re8 9. Re1 Bf8 10.
Nf1 h6 11. a3 b5 12. Bb3 Bd7 13. Ng3 Na5 14. Ba2 c5 15. b4 Nc6 16. Bb2 Be6 17. Bxe6 fxe6 18. d4 c4 19. a4 Qb6 20.
Bc1 Rad8 21. Be3 Qb7 22. Re2 exd4 23. Nxd4 Ne5 24. axb5 axb5 25. Rea2 Nfg4 26. Bd2 Nf6 27. Ra7 Qb8 28.
f4 Nd3 29. Nh5 Be7 30. R1a6 Rc8 31. Nxe6 Rc6 32. Nexg7 Rxa6 33. Rxa6 Rf8 34. Nf5 Qb7 35. Nxf6+ Bxf6 36. Rxd6 Kh8 37.
Be3 Qxe4 38. Qh5 1-0

[Event "Chess.com Isle of Man Masters"]
[Site "Villa Marina, Douglas, Isle of Man, United Kingdom"]
[Date "2018.10.22"]
[Round "3.5"]
[White "Vaibhav, Suri"]
[Black "Vidit, Santosh Gujrathi"]
[Result "1/2-1/2"]
[TimeControl "40 moves in 100 minutes, f.b. 20 moves in 50 minutes f.b. 15 minutes with a 30 second increment from move 0"]
[WhiteElo "2597"]
[BlackElo "2711"]

1. d4 Nf6 2. c4 g6 3. g3 Bg7 4. Bg2 d5 5. cxd5 Nxd5 6. Nf3 O-O 7. O-O Nc6 8. e3 Re8 9. Nc3 Nxc3 10.
bxc3 Na5 11. Nd2 e5 12. Ba3 Bd7 13. Bb4 Nc6 14. Ba3 Na5 15. Bb4 Nc6 16. Ba3 Na5 1/2-1/2

[Event "Chess.com Isle of Man Masters"]
[Site "Villa Marina, Douglas, Isle of Man, United Kingdom"]
[Date "2018.10.22"]
[Round "3.6"]
[White "Gupta, Abhijeet"]
[Black "Gelfand, Boris"]
[Result "1/2-1/2"]
[TimeControl "40 moves in 100 minutes, f.b. 20 moves in 50 minutes f.b. 15 minutes with a 30 second increment from move 0"]
[WhiteElo "2588"]
[BlackElo "2701"]

1. d4 Nf6 2. c4 e6 3. Nf3 d5 4. Nc3 c6 5. Bg5 h6 6. Bh4 dxc4 7. e4 g5 8. Bg3 b5 9. Be2 Bb7 10.
h4 g4 11. Ne5 Nbd7 12. Nxd7 Qxd7 13. Be5 Bg7 14. Bxg4 O-O-O 15. Bh3 Ne8 16. Bxg7 Nxg7 17. Qf3 Qxd4 18. O-O f5 19. Rad1 Qe5 20.
exf5 Rxd1 21. Qxd1 Rd8 22. Qc1 Nxf5 23. Re1 Qd6 24. b3 cxb3 25. axb3 Kb8 26. Ne4 Qb4 27. Nc5 Rd5 28. Nxe6 Nxh4 29.
Qe3 a6 30. Qg3+ Ka7 31. Qe3+ c5 32. Rc1 Qd2 33. Qxd2 Rxd2 34. Rxc5 Bd5 35. Nf4 Bxb3 36. Rh5 Rd4 37. Rxh4 a5 38.
Rg4 a4 39. Ne2 Rxg4 40. Bxg4 a3 41. Nc1 Bc4 42. f4 b4 43. Bd1 a2 44. Nxa2 Bxa2 45. Kf2 b3 46. Bxb3 Bxb3 47. g4 Kb6 48.
Kg3 Kc5 49. Kh4 Bf7 50. g5 hxg5+ 1/2-1/2

[Event "Chess.com Isle of Man Masters"]
[Site "Villa Marina, Douglas, Isle of Man, United Kingdom"]
[Date "2018.10.22"]
[Round "3.7"]
[White "Tregubov, Pavel V."]
[Black "Melkumyan, Hrant"]
[Result "1-0"]
[TimeControl "40 moves in 100 minutes, f.b. 20 moves in 50 minutes f.b. 15 minutes with a 30 second increment from move 0"]
[WhiteElo "2588"]
[BlackElo "2660"]

1. d4 Nf6 2. c4 e6 3.
Nc3 Bb4 4. e3 O-O 5. Nge2 Re8 6. a3 Bf8 7. d5 a5 8. Ng3 Na6 9. Be2 Nc5 10. b3 d6 11. Rb1 c6 12. b4 axb4 13.
axb4 Na6 14. e4 exd5 15. cxd5 cxd5 16. exd5 Ng4 17. Nce4 Nf6 18. Nxf6+ Qxf6 19. O-O Bd7 20. Bd3 Qh4 21.
Bd2 Nc7 22. Qf3 Qg4 23. Qxg4 Bxg4 24. Bc4 Bd7 25. b5 Rec8 26. Rb4 Ne8 27. Re1 Nf6 28. Bg5 Ng4 29. Be2 Re8 30. h3 Ne5 31.
Rc1 Rec8 32. Rxc8 Bxc8 33. Be3 Nd7 34. Ne4 b6 35. Bg4 Nc5 36. Bxc8 Rxc8 37. Nd2 Be7 38. Nc4 Bd8 39. Nxd6 Ra8 40.
Bxc5 bxc5 41. Rb1 Kf8 42. b6 Ke7 43. b7 Rb8 44. Nc8+ Kd7 45. Na7 Bc7 46. Nc6 Re8 47. b8=Q Bxb8 48.
Rxb8 Rxb8 49. Nxb8+ Kd6 50. Kf1 Kxd5 51. Ke2 Kd6 52. Kd3 Kc7 53. Na6+ Kb6 54. Kc4 Kxa6 55. Kxc5 1-0

[Event "Chess.com Isle of Man Masters"]
[Site "Villa Marina, Douglas, Isle of Man, United Kingdom"]
[Date "2018.10.22"]
[Round "3.8"]
[White "Xiong, Jeffery"]
[Black "Vishnu, Prasanna. V"]
[Result "1-0"]
[TimeControl "40 moves in 100 minutes, f.b. 20 moves in 50 minutes f.b. 15 minutes with a 30 second increment from move 0"]
[WhiteElo "2656"]
[BlackElo "2504"]

1. e4 c5 2. Nf3 e6 3. d4 cxd4 4. Nxd4 Nc6 5. Nc3 a6 6. Nxc6 bxc6 7. Bd3 d5 8. O-O Qc7 9. Re1 Bb7 10.
e5 c5 11. b3 Ne7 12. Na4 Nc6 13. Bf4 h5 14. c3 Be7 15. Qe2 Kf8 16. Rac1 h4 17. h3 g6 18. Qe3 Nb8 19. Bg5 Bxg5 20.
Qxg5 Nd7 21. b4 Rh5 22. Qf4 Rxe5 23. Qh6+ Ke7 24. Nxc5 Nxc5 25. bxc5 g5 26. Qg7 Rxe1+ 27. Rxe1 Qf4 28.
Rb1 Bc6 29. Rb6 Kd7 30. Rb4 Qc1+ 31. Kh2 Ke7 32. Qe5 Bb5 33. a4 Bd7 34. Rb7 1-0

[Event "Chess.com Isle of Man Masters"]
[Site "Villa Marina, Douglas, Isle of Man, United Kingdom"]
[Date "2018.10.22"]
[Round "3.9"]
[White "L'ami, Erwin"]
[Black "Harsha, Bharathakoti"]
[Result "1-0"]
[TimeControl "40 moves in 100 minutes, f.b. 20 moves in 50 minutes f.b. 15 minutes with a 30 second increment from move 0"]
[WhiteElo "2639"]
[BlackElo "2492"]

1. e4 d6 2. d4 Nf6 3. Nc3 g6 4. f4 Bg7 5. Nf3 c5 6. Bb5+ Bd7 7. e5 Ng4 8. Bxd7+ Qxd7 9. d5 dxe5 10.
h3 e4 11. Nxe4 Nf6 12. Nxf6+ Bxf6 13. O-O O-O 14. Be3 Bxb2 15. Ne5 Qc7 16. Rb1 Bxe5 17. fxe5 Nd7 18. e6 fxe6 19. dxe6 Rxf1+ 20. Qxf1 Rf8 21. Qc4 Ne5 22. Qe4 b6 23. Kh1 Kg7 24. Re1 Nc6 25. Qh4 Rf5 26. Bh6+ Kg8 27. Rd1 Nd4 28. Qe4 Qc8 29.
c3 Rh5 30. cxd4 Rxh6 31. d5 g5 32. d6 exd6 33. Rxd6 Qe8 34. Qd5 Kg7 35. Rd7+ Kg6 36. Qe4+ 1-0

[Event "Chess.com Isle of Man Masters"]
[Site "Villa Marina, Douglas, Isle of Man, United Kingdom"]
[Date "2018.10.22"]
[Round "3.10"]
[White "Fridman, Daniel"]
[Black "Giri, Anish"]
[Result "1/2-1/2"]
[TimeControl "40 moves in 100 minutes, f.b. 20 moves in 50 minutes f.b. 15 minutes with a 30 second increment from move 0"]
[WhiteElo "2600"]
[BlackElo "2780"]

1. d4 Nf6 2. c4 g6 3. Nc3 Bg7 4. e4 d6 5. Nf3 O-O 6. Be2 e5 7. O-O Nc6 8. dxe5 dxe5 9. Bg5 Nd4 10.
Nxd4 exd4 11. Nd5 c6 12. e5 cxd5 13. Qxd4 dxc4 14. Qxd8 Rxd8 15. exf6 h6 16. fxg7 hxg5 17. Bxc4 Bf5 18.
Rfd1 g4 19. Bb3 Kxg7 20. Rxd8 Rxd8 21. Rd1 Rc8 22. f3 gxf3 23. gxf3 b5 24. Kf2 a5 25. Rd5 a4 26. Bd1 Rb8 27.
Rc5 Rd8 28. Ke1 Bd3 29. a3 f5 30. b3 axb3 31. Bxb3 f4 32. a4 bxa4 33. Bxa4 Kh6 34. Kf2 Rb8 35. Rc1 Rb2+ 36. Kg1 Bf5 37.
Rd1 Rb7 38. Bc6 Rc7 39. Bb5 Kh5 40. Bd3 Bh3 41. Bf1 Kh4 42. Rd8 1/2-1/2

[Event "Chess.com Isle of Man Masters"]
[Site "Villa Marina, Douglas, Isle of Man, United Kingdom"]
[Date "2018.10.22"]
[Round "3.11"]
[White "So, Wesley"]
[Black "Huschenbeth, Niclas"]
[Result "1-0"]
[TimeControl "40 moves in 100 minutes, f.b. 20 moves in 50 minutes f.b. 15 minutes with a 30 second increment from move 0"]
[WhiteElo "2776"]
[BlackElo "2589"]

1. d4 d5 2. c4 e6 3. Nc3 Nf6 4. Nf3 c5 5. e3 dxc4 6. Bxc4 a6 7. O-O b5 8. Be2 Nbd7 9. d5 exd5 10.
Nxd5 Bb7 11. Nxf6+ Qxf6 12. a4 b4 13. Qc2 Be7 14. e4 Qe6 15. Re1 O-O 16. Bc4 Qg6 17. Bf4 Nb6 18. Bf1 a5 19.
Bc7 Rac8 20. Bxb6 Qxb6 21. Bc4 Qc7 22. Qb3 Qf4 23. g3 Qc7 24. Rad1 Bf6 25. Re3 Rfe8 26. Rde1 Bd4 27. R3e2 Rcd8 28.
Qc2 h6 29. Nh4 Bc8 30. Kg2 Bg4 31. f3 Bc8 32. Nf5 Bxf5 33. exf5 Rxe2+ 34. Rxe2 Bf6 35. Qe4 Kh7 36. b3 Kg8 37.
h4 Qd7 38. f4 Qc7 39. Kh3 Kh7 40. Qf3 Qd7 41. g4 Kg8 42. Qe4 Kh8 43. g5 Bc3 44. Kg3 h5 45. Qe7 Qd1 46. Kg2 1-0

[Event "Chess.com Isle of Man Masters"]
[Site "Villa Marina, Douglas, Isle of Man, United Kingdom"]
[Date "2018.10.22"]
[Round "3.12"]
[White "Svane, Rasmus"]
[Black "Anand, Viswanathan"]
[Result "1/2-1/2"]
[TimeControl "40 moves in 100 minutes, f.b. 20 moves in 50 minutes f.b. 15 minutes with a 30 second increment from move 0"]
[WhiteElo "2595"]
[BlackElo "2771"]

1. d4 Nf6 2. c4 e6 3. g3 Bb4+ 4. Bd2 Qe7 5. Bg2 Nc6 6. a3 Bxd2+ 7. Qxd2 O-O 8. e3 d6 9. Ne2 e5 10.
O-O Re8 11. d5 Nb8 12. e4 a5 13. Nbc3 Na6 14. b4 Bd7 15. Rab1 Reb8 16. Nc1 axb4 17. axb4 c5 18. dxc6 bxc6 19.
Nd3 Nc7 20. Rfd1 Ne6 21. Ne2 Nc7 22. Nc3 Ne6 23. Ne2 Nc7 24. Nc3 1/2-1/2

[Event "Chess.com Isle of Man Masters"]
[Site "Villa Marina, Douglas, Isle of Man, United Kingdom"]
[Date "2018.10.22"]
[Round "3.13"]
[White "Grischuk, Alexander"]
[Black "Kaidanov, Gregory"]
[Result "1-0"]
[TimeControl "40 moves in 100 minutes, f.b. 20 moves in 50 minutes f.b. 15 minutes with a 30 second increment from move 0"]
[WhiteElo "2769"]
[BlackElo "2544"]

1. e4 e5 2. Nf3 Nc6 3. Bb5 a6 4. Ba4 Nf6 5. d3 d6 6. c3 Be7 7. O-O O-O 8. Re1 Re8 9. h3 Bf8 10.
c4 Nd7 11. Be3 g6 12. Nc3 Bg7 13. Bg5 f6 14. Be3 f5 15. exf5 gxf5 16. Bg5 Bf6 17. Bxf6 Nxf6 18. d4 e4 19.
d5 exf3 20. Rxe8+ Qxe8 21. dxc6 bxc6 22. Qxf3 Bd7 23. c5 Qe5 24. Bxc6 Bxc6 25. Qxc6 Rb8 26. cxd6 cxd6 27. Rb1 d5 28.
Rd1 d4 29. Qc4+ Kg7 30. Na4 Rd8 31. Nc5 Kg6 32. Nd3 Qd6 33. Re1 1-0

[Event "Chess.com Isle of Man Masters"]
[Site "Villa Marina, Douglas, Isle of Man, United Kingdom"]
[Date "2018.10.22"]
[Round "3.14"]
[White "Antipov, Mikhail Al."]
[Black "Nakamura, Hikaru"]
[Result "1/2-1/2"]
[TimeControl "40 moves in 100 minutes, f.b. 20 moves in 50 minutes f.b. 15 minutes with a 30 second increment from move 0"]
[WhiteElo "2593"]
[BlackElo "2763"]

1. e4 c6 2. d4 d5 3. e5 Bf5 4.
h4 h6 5.
g4 Be4 6. f3 Bh7 7. c4 e6 8. Nc3 dxc4 9. Bxc4 Nd7 10. f4 Nb6 11. Bb3 Ne7 12. h5 Ned5 13. Nge2 Be7 14. O-O Qd7 15.
Nxd5 Nxd5 16. Nc3 O-O 17. Qf3 f6 18. Bd2 Kh8 19. Rad1 Rad8 20. Bc1 Qc7 21. Qg3 b5 22. Kh2 a5 23.
a3 a4 24. Bxd5 cxd5 25. g5 fxg5 26. fxg5 hxg5 27. Bxg5 Bxg5 28. Qxg5 b4 29. Nb5 Qc2+ 30. Rd2 Qxd2+ 31. Qxd2 Rxf1 32. Nd6 bxa3 33. bxa3 Rdf8 34.
Kg2 R1f4 35. Kg3 Rf3+ 36. Kg4 Rxa3 37. h6 Raf3 38. hxg7+ Kxg7 39. Ne8+ Kh8 1/2-1/2

[Event "Chess.com Isle of Man Masters"]
[Site "Villa Marina, Douglas, Isle of Man, United Kingdom"]
[Date "2018.10.22"]
[Round "3.15"]
[White "Karjakin, Sergey"]
[Black "Lomasov, Semen"]
[Result "1-0"]
[TimeControl "40 moves in 100 minutes, f.b. 20 moves in 50 minutes f.b. 15 minutes with a 30 second increment from move 0"]
[WhiteElo "2760"]
[BlackElo "2540"]

1. e4 e6 2. d4 d5 3. Nc3 Nf6 4. e5 Nfd7 5. f4 c5 6. Nf3 Nc6 7. Be3 a6 8. a3 cxd4 9. Nxd4 Bc5 10.
Qd2 Qc7 11. O-O-O Nxd4 12. Bxd4 b5 13. h4 O-O 14. Rh3 Rb8 15. Bxc5 Nxc5 16. b4 Nd7 17. Ne2 Nb6 18. Nd4 Bd7 19.
h5 f6 20. Re3 fxe5 21. Rxe5 Na4 22. Nxe6 Bxe6 23. Rxe6 Rbc8 24. Rde1 Nc3 25. Bd3 a5 26. h6 gxh6 27. Re7 Qb6 28.
Qe3 Qxe3+ 29. R1xe3 Rxf4 30. bxa5 b4 31. Re8+ Rxe8 32. Rxe8+ Kf7 33. Rc8 Rh4 34. axb4 Na2+ 35. Kb2 Nxb4 36.
Bb5 Rg4 37. Kb3 1-0

[Event "Chess.com Isle of Man Masters"]
[Site "Villa Marina, Douglas, Isle of Man, United Kingdom"]
[Date "2018.10.22"]
[Round "3.16"]
[White "Hess, Robert"]
[Black "Wojtaszek, Radoslaw"]
[Result "0-1"]
[TimeControl "40 moves in 100 minutes, f.b. 20 moves in 50 minutes f.b. 15 minutes with a 30 second increment from move 0"]
[WhiteElo "2574"]
[BlackElo "2727"]

1. c4 Nf6 2. g3 c6 3. Nf3 d5 4. Qb3 dxc4 5. Qxc4 b5 6. Qc2 Bb7 7. Bg2 Nbd7 8. d4 e6 9. O-O c5 10.
dxc5 Bxc5 11. Nc3 Rc8 12. a3 O-O 13. Qd3 a6 14. Be3 Nb6 15. Qxd8 Rfxd8 16. Bxc5 Rxc5 17. Rfd1 Rdc8 18. Nd2 Bxg2 19.
Kxg2 R5c6 20. a4 b4 21. Na2 a5 22. Nb3 Nc4 23. Rac1 e5 24. Rb1 Kf8 25. Nac1 Ke7 26. Nd3 Nd7 27.
Nd2 Nxd2 28. Rxd2 f6 29. b3 Rc3 30. Kf1 Nf8 31. e3 Ne6 32. h4 g5 33. hxg5 Nxg5 34. Ne1 Ne4 35. Rdb2 Rc1 36.
Kg2 Rxb1 37. Rxb1 Rc3 38. Rd1 Nc5 39. Rd5 Ke6 40. e4 f5 41. f4 exf4 42. Rxf5 Rxg3+ 43. Kh2 Rc3 44. Ng2 Nxe4 45.
Rxa5 f3 46. Nf4+ Kd6 47. Rd5+ Kc6 48. Rf5 Rxb3 49. a5 Rb2+ 50. Kh3 f2 51. Nd3 Rb3 0-1

[Event "Chess.com Isle of Man Masters"]
[Site "Villa Marina, Douglas, Isle of Man, United Kingdom"]
[Date "2018.10.22"]
[Round "3.17"]
[White "Rapport, Richard"]
[Black "Paehtz, Elisabeth"]
[Result "1-0"]
[TimeControl "40 moves in 100 minutes, f.b. 20 moves in 50 minutes f.b. 15 minutes with a 30 second increment from move 0"]
[WhiteElo "2725"]
[BlackElo "2513"]

1. d4 d5 2. Nf3 Nf6 3. c4 c6 4. Qb3 dxc4 5. Qxc4 Bg4 6. Bf4 Nbd7 7. Nbd2 Qa5 8. Qb3 Nb6 9. a3 Be6 10.
Qd1 Nh5 11. Be5 f6 12. Bc7 Rc8 13. Bxb6 Qxb6 14. e3 g6 15. Bc4 Bd5 16. Qc2 Rd8 17. Ne4 Bxe4 18. Qxe4 Qa5+ 19. b4 Qf5 20.
Qxf5 gxf5 21. b5 cxb5 22. Bxb5+ Kf7 23. Rc1 e6 24. Rc7+ Be7 25. Ke2 a6 26. Bd7 b5 27. d5 exd5 28.
Nd4 Bd6 29. Be6+ Kg6 30. Bf7+ Kh6 31. Nxf5+ Kg5 32. Nxd6 Rxd6 33. h4+ Kh6 34. g4 Ng7 35. f4 1-0

[Event "Chess.com Isle of Man Masters"]
[Site "Villa Marina, Douglas, Isle of Man, United Kingdom"]
[Date "2018.10.22"]
[Round "3.18"]
[White "Mekhitarian, Krikor Sevag"]
[Black "Le, Quang Liem"]
[Result "0-1"]
[TimeControl "40 moves in 100 minutes, f.b. 20 moves in 50 minutes f.b. 15 minutes with a 30 second increment from move 0"]
[WhiteElo "2546"]
[BlackElo "2715"]

1. d4 Nf6 2. c4 g6 3. Nf3 Bg7 4. g3 O-O 5. Bg2 d6 6. O-O Nc6 7. Nc3 e5 8. dxe5 dxe5 9. Bg5 Be6 10.
Qa4 Qc8 11. Bxf6 Bxf6 12. Rfd1 Bg7 13. Nd5 Kh8 14. e3 f5 15. Rac1 e4 16. Nd4 Nxd4 17. exd4 Rd8 18. f3 exf3 19.
Bxf3 c6 20. Qb3 Bf7 21. Nf4 Rxd4 22. Re1 Qd7 23. Qa3 Rd2 24. Re7 Qd4+ 25. Kh1 Bf8 0-1

[Event "Chess.com Isle of Man Masters"]
[Site "Villa Marina, Douglas, Isle of Man, United Kingdom"]
[Date "2018.10.22"]
[Round "3.19"]
[White "Artemiev, Vladislav"]
[Black "Keymer, Vincent"]
[Result "1-0"]
[TimeControl "40 moves in 100 minutes, f.b. 20 moves in 50 minutes f.b. 15 minutes with a 30 second increment from move 0"]
[WhiteElo "2706"]
[BlackElo "2491"]

1. e4 c5 2. Nf3 d6 3. c3 Nf6 4. Be2 g6 5. O-O Bg7 6. Re1 O-O 7. Bf1 Nc6 8. d3 e5 9. Nbd2 Re8 10.
a4 h6 11. Nc4 d5 12. exd5 Nxd5 13. a5 Bf5 14. Nfd2 Be6 15. Qa4 Qc7 16. Ne4 Bf8 17. Be3 b6 18. axb6 axb6 19. Qxa8 Rxa8 20.
Rxa8 g5 21. Nxb6 Qxb6 22. Bxc5 Qxb2 23. Bxf8 Kh7 24. Ra6 Nb8 25. Raa1 Nd7 26. Ba3 Qb6 27. c4 Nf4 28. Bc1 Bf5 29.
Be3 Qc6 30. Ra7 Kg7 31. c5 Nd5 32. Nd6 Be6 33. d4 Nxe3 34. Rxe3 exd4 35. Rxe6 fxe6 36. Rc7 Qd5 37. Rxd7+ Kf8 38.
Rf7+ Kg8 39. Rf5 Qb3 40. Rf3 Qd5 41. Rf5 Qb3 42. Re5 Qc2 43. Nc4 d3 44. Ne3 Qb3 45. c6 d2 46. Rc5 Qb6 47.
Rc4 1-0

[Event "Chess.com Isle of Man Masters"]
[Site "Villa Marina, Douglas, Isle of Man, United Kingdom"]
[Date "2018.10.22"]
[Round "3.20"]
[White "Praggnanandhaa, R"]
[Black "Eljanov, Pavel"]
[Result "1-0"]
[TimeControl "40 moves in 100 minutes, f.b. 20 moves in 50 minutes f.b. 15 minutes with a 30 second increment from move 0"]
[WhiteElo "2519"]
[BlackElo "2703"]

1. e4 c5 2. Nf3 Nc6 3. d4 cxd4 4. Nxd4 Nf6 5. Nc3 d6 6. Bg5 e6 7. Qd2 a6 8. O-O-O Be7 9. f3 Qc7 10.
h4 Nxd4 11. Qxd4 b5 12. Qd2 Bb7 13. Kb1 O-O 14. Ne2 Rac8 15. Nd4 Rfe8 16. g4 Nd7 17. Bxe7 Rxe7 18. h5 d5 19. h6 g6 20.
exd5 Bxd5 21. Bd3 Qe5 22. Be4 Bxe4 23. fxe4 Nf6 24. Rhe1 Rd7 25. g5 Ng4 26. Qg2 Qxg5 27. e5 Qf4 28.
Nc6 Ne3 29. Rxd7 Nxg2 30. Ne7+ Kf8 31. Nxc8 Qxh6 32. Rf1 Nf4 33. Nd6 g5 34. Nxf7 Qg7 35. Rd8+ Ke7 36. Ra8 Qxf7 37. Ra7+ Kf8 38.
Rxf7+ Kxf7 39. b3 h5 40. c4 bxc4 41. bxc4 h4 42. c5 Ke7 43. Rd1 h3 44. c6 Nd5 45. Rg1 h2 46. Rh1 Nb4 47.
c7 Kd7 48. Rxh2 Kxc7 49. Rh6 Kd7 50. Rg6 a5 51. Rxg5 Kc6 52. Kb2 Kd5 53. Kb3 Kd4 54. Rh5 Nc6 55. Ka4 Kc4 56. Rh6 Kd5 57.
Kb5 Nxe5 58. Rh5 Kd4 59. Kxa5 Nd3 60. Kb5 e5 61. a4 Nf4 62. Rh4 Kd5 63. a5 Ne6 64. Rc4 1-0

[Event "Chess.com Isle of Man Masters"]
[Site "Villa Marina, Douglas, Isle of Man, United Kingdom"]
[Date "2018.10.22"]
[Round "3.21"]
[White "Almasi, Zoltan"]
[Black "Kobo, Ori"]
[Result "1-0"]
[TimeControl "40 moves in 100 minutes, f.b. 20 moves in 50 minutes f.b. 15 minutes with a 30 second increment from move 0"]
[WhiteElo "2702"]
[BlackElo "2505"]

1. e4 g6 2. d4 Bg7 3. Nc3 d6 4. Be3 Nf6 5. f3 c6 6. Qd2 b5 7. O-O-O Qa5 8. Kb1 Nbd7 9. Bh6 Bxh6 10.
Qxh6 b4 11. Nce2 c5 12. Nh3 c4 13. Nc1 Ba6 14. Ng5 Nb6 15. Qg7 Rf8 16. e5 dxe5 17. dxe5 Nfd5 18. e6 O-O-O 19. exf7 Na4 20.
Ne4 Nac3+ 21. bxc3 Nxc3+ 22. Nxc3 bxc3 23. Rxd8+ Rxd8 24. Bxc4 Qa3 25. Bxa6+ Kc7 26. Qe5+ Rd6 27. Nd3 1-0

[Event "Chess.com Isle of Man Masters"]
[Site "Villa Marina, Douglas, Isle of Man, United Kingdom"]
[Date "2018.10.22"]
[Round "3.22"]
[White "Olafsson, Helgi"]
[Black "Leko, Peter"]
[Result "1/2-1/2"]
[TimeControl "40 moves in 100 minutes, f.b. 20 moves in 50 minutes f.b. 15 minutes with a 30 second increment from move 0"]
[WhiteElo "2510"]
[BlackElo "2690"]

1. d4 Nf6 2. c4 e6 3. Nf3 d5 4. g3 Be7 5. Bg2 O-O 6. O-O dxc4 7. Qc2 a6 8. Qxc4 b5 9. Qc2 Bb7 10.
Bg5 Nbd7 11. Bxf6 Nxf6 12. Nbd2 Rc8 13. Nb3 c5 14. dxc5 Ne4 15. Rfd1 Qc7 16. c6 Qxc6 17. Qxc6 Bxc6 18.
Ne5 Bd5 19. Nd7 Rfe8 20. Nb6 Rc2 21.
Nxd5 exd5 22. Rxd5 Nf6 23. Re5 Ng4 24. Re4 Nf6 25. Re3 Ng4 26. Re4 Nf6 27. Re3 Ng4 28. Re4 1/2-1/2